 Dungeon Crawl Stone Soup version 0.31.0-1-g2c135a0 (webtiles) character file.

Game seed: 568774361750862237

13658 jagoly the Cleaver (level 12, -5/78 HPs)
             Began as a Gargoyle Monk on Feb 1, 2024.
             Was an Elder of the Shining One.
             Slain by a cane toad (13 damage)
             ... on level 4 of the Lair of Beasts.
             The game lasted 01:09:07 (6138 turns).

jagoly the Cleaver (Gargoyle Monk)                  Turns: 6138, Time: 01:09:08

Health: -5/78      AC: 32    Str: 20    XL:     12   Next: 8%
Magic:  13/13      EV: 10    Int: 11    God:    the Shining One [****..]
Gold:   603        SH:  6    Dex: 18    Spells: 11/11 levels left

rFire   . . .        b - +2 mace (protect)
rCold   . . .        p - +0 buckler
rNeg    + + +        I - +0 chain mail
rPois   ∞            x - +0 helmet
rElec   +            r - +2 cloak
rCorr   +            f - +0 pair of gloves
SInv    .            (no boots)
Will    .....        (no amulet) Stlth
                     h - ring of resist corrosion
HPRegen 0.33/turn    k - +6 ring of dexterity
MPRegen 0.13/turn

%: no passive effects
@: under a protective aura, glowing
A: sickness immunity, AC +8, negative energy resistance 1, electricity
resistance, torment resistance 1, petrification resistance
a: Renounce Religion, Divine Shield, Cleansing Flame


You were on level 4 of the Lair of Beasts.
You worshipped the Shining One.
The Shining One was greatly pleased with you.
You visited 3 branches of the dungeon, and saw 16 of its levels.
You also visited: Ossuary and Ice Cave.

You collected 603 gold pieces.

Inventory:

Hand Weapons
 a - a +0 war axe
 b - a +2 mace of protection (weapon)
 e - a +2 morningstar
 w - the +5 sling of Action {antimagic, rElec Dex+2}
   (You found it on level 5 of the Dungeon)

   Dex+2:     It affects your dexterity (+2).
   rElec:     It insulates you from electricity.
 L - a +0 trident
Missiles
 c - 3 boomerangs
 g - 56 stones (quivered)
 j - 37 poisoned darts
 G - 5 javelins
 R - a curare-tipped dart
Armour
 f - a +0 pair of gloves (worn)
 p - a +0 buckler (worn)
 r - a +2 cloak (worn)
 x - a +0 helmet (worn)
 I - a +0 chain mail (worn)
 U - a +2 leather armour of cold resistance
Jewellery
 h - a ring of resist corrosion (left hand)
 k - a +6 ring of dexterity (right hand)
 Q - a ring of fire
Wands
 d - a wand of flame (20)
 o - a wand of polymorph (7)
 N - a wand of roots (1)
 O - a wand of paralysis (2)
 V - a wand of digging (11)
Scrolls
 i - a scroll of fear {unknown}
 q - 3 scrolls of teleportation
 t - a scroll of torment {unknown}
 u - 2 scrolls of fog
 v - a scroll of poison {unknown}
 y - a scroll of silence {unknown}
 B - 3 scrolls of amnesia
 E - a scroll of immolation {unknown}
 H - a scroll of revelation {unknown}
 M - 3 scrolls of enchant weapon
 P - 2 scrolls of blinking
 S - a scroll of brand weapon {unknown}
Potions
 l - 2 potions of enlightenment
 m - 3 potions of haste
 n - 3 potions of lignification
 s - 3 potions of curing
 z - 2 potions of attraction
 A - 2 potions of brilliance {unknown}
 C - a potion of magic {unknown}
 D - a potion of cancellation {unknown}
 F - a potion of ambrosia
 K - a potion of might {unknown}
 T - a potion of resistance {unknown}


   Skills:
 + Level 10.5 Fighting
 * Level 12.2 Axes
 - Level 2.0 Throwing
 - Level 8.0 Armour
 - Level 4.0 Dodging
 - Level 1.0 Stealth
 - Level 6.0 Shields
 - Level 2.0 Invocations
 - Level 2.0 Evocations


You had 11 spell levels left.
You didn't know any spells.
Your spell library contained the following spells:

 Spells                   Type           Power      Damage    Failure   Level
 Apportation              Tloc           0%         N/A       95%         1
 Foxfire                  Conj/Fire      0%         2x1d4     95%         1
 Summon Small Mammal      Summ           0%         N/A       95%         1
 Jinxbite                 Hex            0%         N/A       99%         2
 Lesser Beckoning         Tloc           0%         N/A       99%         2
 Mercury Vapours          Alch/Air       0%         N/A       99%         2
 Scorch                   Fire           0%         2d5       99%         2
 Call Canine Familiar     Summ           0%         N/A       100%        3
 Fugue of the Fallen      Necr           0%         N/A       100%        3
 Gell's Gravitas          Tloc           0%         N/A       100%        3
 Mephitic Cloud           Conj/Alch/Air  0%         N/A       100%        3
 Ozocubu's Armour         Ice            0%         N/A       100%        3
 Teleport Other           Tloc           0%         N/A       100%        3
 Tukima's Dance           Hex            0%         N/A       100%        3
 Flame Wave               Conj/Fire      0%         2d4       100%        4
 Manifold Assault         Tloc           0%         N/A       100%        4
 Passage of Golubria      Tloc           0%         N/A       100%        4
 Summon Blazeheart Golem  Fire/Summ      0%         N/A       100%        4
 Alistair's Intoxication  Alch           0%         N/A       100%        5
 Freezing Cloud           Conj/Ice/Air   0%         6-21      100%        5
 Yara's Violent Unravell  Hex/Alch       0%         3d3       100%        5
 Plasma Beam              Fire/Air       0%         2x1d10    100%        6
 Starburst                Conj/Fire      0%         6d3       100%        6
 Summon Cactus Giant      Summ           0%         N/A       100%        6


Dungeon Overview and Level Annotations

Branches:
Dungeon (11/15) Zot: 25905  Temple (1/1) D:5 Zot: 5998    Lair (4/5) D:10 Zot: 23337
    Orc (0/2) D:10        Ossuary (visited)           IceCv (visited)
  Swamp: Lair:2-3    Shoals: Lair:2-3     Snake: Lair:2-3    Spider: Lair:2-3
  Slime: Lair:4-5

Altars:
Ashenzari
Cheibriados
Dithmenos
Elyvilon
Gozag
Hepliaklqana
Kikubaaqudgha
Nemelex Xobeh
Okawaru
Ru
Sif Muna
Trog
Uskayaw
Vehumet
Wu Jian
Xom
Zin
The Shining One

Shops:
D:5 [

Annotations:
D:6 2 transporters, Zagger's ghost, novice TeFi
D:9 Harold
Lair:3 Prince Ribbit


Innate Abilities, Weirdness & Mutations

You are immune to sickness and miasma.
Your stone body is resilient. (AC +8)
You are immune to poison.
You resist negative energy. (rN+)
You are resistant to electric shocks. (rElec)
You are resistant to unholy torment.
You are immune to petrification.


Message History

You barely miss the blink frog.
The blink frog is moderately wounded.
You slash the blink frog!
The blink frog blinks! x2; The blink frog hits you!
* * * LOW HITPOINT WARNING * * *
The blink frog hits you!
* * * LOW HITPOINT WARNING * * *
The blink frog blinks!
The blink frog closely misses you.
You feel better.
The blink frog blinks!
The blink frog closely misses you.
Cleave: a) +0 war axe
Press: ? - help, Dir - move target, f - blink frog, p - blink frog
Aim: a blink frog (lightly wounded, haloed, about 34% to evade your +0 war axe)
You slice the blink frog!!
The blink frog is severely wounded.
You closely miss the blink frog. The blink frog hits you.
* * * LOW HITPOINT WARNING * * *
The blink frog blinks!
The blink frog closely misses you. The blink frog barely misses you.
Cleave: a) +0 war axe
Press: ? - help, Dir - move target, f - blink frog, p - blink frog
Aim: a blink frog (moderately wounded, haloed, about 34% to evade your +0 war axe)
You slash the blink frog!
The blink frog is heavily wounded.
You completely miss the blink frog. The blink frog hits you.
* * * LOW HITPOINT WARNING * * *
The blink frog hits you but does no damage.
The blink frog blinks!
The blink frog hits you but does no damage.
Cleave: a) +0 war axe
Press: ? - help, Dir - move target, f/p - blink frog
Aim: a blink frog (heavily wounded, haloed, about 34% to evade your +0 war axe)
You closely miss the blink frog.
The blink frog is heavily wounded.
You hit the blink frog.
The blink frog hits you but does no damage. x2
The blink frog blinks!
You feel better. The blink frog closely misses you. x2
Cleave: a) +0 war axe
Press: ? - help, Dir - move target, f - blink frog, p - blink frog
Aim: a blink frog (moderately wounded, haloed, about 34% to evade your +0 war axe)
You slash the blink frog!
The blink frog is almost dead.
The blink frog closely misses you.
Cleave: a) +0 war axe
Press: ? - help, Dir - move target, f/p - blink frog
Aim: a blink frog (almost dead, haloed, about 34% to evade your +0 war axe)
You slash the blink frog!
You kill the blink frog!
The blink frog blinks!
Training target 2.0 for Throwing reached!
Training target 2.0 for Evocations reached!
Your Throwing skill increases to level 2!
Your Evocations skill increases to level 2!
Cleave: a) +0 war axe
Press: ? - help, Dir - move target, f - you
Okay, then.
Throw: 37 darts (poison)
Press: ? - help, Shift-Dir - straight line, f - blink frog
Aim: a blink frog (severely wounded, haloed, 62% to hit)
You throw a poisoned dart.
The poisoned dart barely misses the blink frog.
Cleave: a) +0 war axe
Press: ? - help, Dir - move target, f/p - blink frog
Aim: a blink frog (severely wounded, haloed, about 34% to evade your +0 war axe)
You hit the blink frog.
The blink frog is severely wounded.
The blink frog hits you but does no damage.
Cleave: a) +0 war axe
Press: ? - help, Dir - move target, f/p - blink frog
Aim: a blink frog (severely wounded, haloed, about 34% to evade your +0 war axe)
You slash the blink frog!
The blink frog is almost dead.
The blink frog hits you!
* * * LOW HITPOINT WARNING * * *
Cleave: a) +0 war axe
Press: ? - help, Dir - move target, f/p - blink frog
Aim: a blink frog (almost dead, haloed, about 34% to evade your +0 war axe)
You hit the blink frog.
The blink frog is almost dead.
The blink frog blinks!
Cleave: a) +0 war axe
Press: ? - help, Dir - move target, f - blink frog, p - blink frog
Aim: a blink frog (heavily wounded, haloed, about 34% to evade your +0 war axe)
You hit the blink frog.
The blink frog is severely wounded.
The blink frog hits you.
* * * LOW HITPOINT WARNING * * *
The blink frog blinks!
Throw: 36 darts (poison)
Press: ? - help, Shift-Dir - straight line, f - blink frog, p - blink frog
Aim: a blink frog (almost dead, 46% to hit)
You throw a poisoned dart. The poisoned dart hits the blink frog.
The blink frog is almost dead.
Throw: 35 darts (poison)
Press: ? - help, Shift-Dir - straight line, f/p - blink frog
Aim: a blink frog (almost dead, haloed, 62% to hit)
You throw a poisoned dart.
The poisoned dart completely misses the blink frog.
Cleave: a) +0 war axe
Press: ? - help, Dir - move target, f - blink frog, p - blink frog
Aim: a blink frog (severely wounded, haloed, about 34% to evade your +0 war axe)
You hit the blink frog.
The blink frog is severely wounded.
You block the blink frog's attack.
The blink frog blinks!
Cleave: a) +0 war axe
Press: ? - help, Dir - move target, f - blink frog, p - blink frog
Aim: a blink frog (almost dead, haloed, about 34% to evade your +0 war axe)
You slash the blink frog!
You kill the blink frog!
Throw: 34 darts (poison)
Press: ? - help, Shift-Dir - straight line, f - blink frog
Aim: a blink frog (severely wounded, 46% to hit)
You throw a poisoned dart. The poisoned dart hits the blink frog.
The blink frog is poisoned.
The blink frog is severely wounded.
The blink frog blinks!
Throw: 33 darts (poison)
Press: ? - help, Shift-Dir - straight line, f/p - blink frog
Aim: a blink frog (severely wounded, poisoned, haloed, 62% to hit)
You throw a poisoned dart.
The poisoned dart completely misses the blink frog.
The blink frog blinks!
Throw: 32 darts (poison)
Press: ? - help, Shift-Dir - straight line, f/p - blink frog
Aim: a blink frog (almost dead, poisoned, haloed, 62% to hit)
You throw a poisoned dart.
The poisoned dart barely misses the blink frog.
Throw: 31 darts (poison)
Press: ? - help, Shift-Dir - straight line, f/p - blink frog
Aim: a blink frog (almost dead, poisoned, haloed, 62% to hit)
You throw a poisoned dart. The poisoned dart hits the blink frog.
The blink frog looks even sicker.
The blink frog is almost dead.
Cleave: a) +0 war axe
Press: ? - help, Dir - move target, f/p - blink frog
Aim: a blink frog (almost dead, very poisoned, haloed, about 34% to evade your +0 war axe)
You closely miss the blink frog.
The blink frog is almost dead.
The blink frog blinks!
The blink frog blinks!
You kill the blink frog!
Your Axes skill increases to level 12!
Okay, then.
Okay, then.
Okay, then.
j - 31 poisoned darts (gained 1)
j - 32 poisoned darts (gained 1)
j - 33 poisoned darts (gained 1)
j - 34 poisoned darts (gained 1)
j - 35 poisoned darts (gained 1)
You see here a blink frog corpse.
j - 36 poisoned darts (gained 1)
j - 37 poisoned darts (gained 1)
u - 2 scrolls labelled EWKU FEATUN (gained 1)
Found a wand of flame (8).
Found a stone staircase leading up.
d - a wand of flame (20) (gained 8 charges) Unknown command.
Unknown command.
Unknown command.
Found 4 stones.
g - 57 stones (gained 4)
There is a stone staircase leading up here.
You climb upwards.
Level annotation: Prince Ribbit The naga shouts!
The yak bellows!
The bullfrog croaks.
The bullfrog swells and bulges.
You block the bullfrog's attack. The yak closely misses you.
The bullfrog hits you.
* * * LOW HITPOINT WARNING * * *
Found 18 gold pieces and a scroll of identify.
There is a stone staircase leading down here.
You block the bullfrog's attack. The yak completely misses you.
The bullfrog hits you but does no damage.
You block the komodo dragon's attack.
You climb downwards.
There is a stone staircase leading up here.
Your shield is strengthened by the Shining One's divine power.
You block the bullfrog's attack. The yak gores you!
* * * LOW HITPOINT WARNING * * *
The komodo dragon barely misses you.
Throw: 2 darts (curare)
Press: ? - help, Shift-Dir - straight line, f - komodo dragon
Aim: a komodo dragon (haloed, 87% to hit)
You throw a curare-tipped dart.
The curare-tipped dart hits the komodo dragon.
The komodo dragon is poisoned.
The komodo dragon struggles to breathe.
The komodo dragon seems to slow down.
The komodo dragon is lightly wounded.
The bullfrog hits you but does no damage.
You block the yak's attack. The bullfrog barely misses you.
The komodo dragon bites you!
* * * LOW HITPOINT WARNING * * *
Unknown command.
Unknown command.
Unknown command.
You feel yourself speed up.
The bullfrog hits you but does no damage.
The yak gores you but does no damage.
Cleave: a) +0 war axe
Press: ? - help, Dir - move target, f/p - komodo dragon
Aim: a komodo dragon (lightly wounded, very poisoned, slow, haloed, about 11% to evade your +0 war axe)
You slash the komodo dragon!
The komodo dragon is moderately wounded.
You hit the yak. You barely miss the bullfrog. You block the bullfrog's attack.
The yak closely misses you. You block the komodo dragon's attack.
Cleave: a) +0 war axe
Press: ? - help, Dir - move target, f/p - komodo dragon
Aim: a komodo dragon (moderately wounded, very poisoned, slow, haloed, about 11% to evade your +0 war axe)
You slash the komodo dragon!
The komodo dragon is heavily wounded.
You hit the bullfrog. You hit the yak but do no damage.
The bullfrog hits you but does no damage.
The yak gores you but does no damage.
Cleave: a) +0 war axe
Press: ? - help, Dir - move target, f/p - komodo dragon
Aim: a komodo dragon (heavily wounded, very poisoned, slow, haloed, about 11% to evade your +0 war axe)
You hit the komodo dragon.
The komodo dragon is severely wounded.
You barely miss the bullfrog. You slash the yak!
The bullfrog hits you but does no damage.
Cleave: a) +0 war axe
Press: ? - help, Dir - move target, f/p - komodo dragon
Aim: a komodo dragon (severely wounded, very poisoned, slow, haloed, about 11% to evade your +0 war axe)
You barely miss the komodo dragon.
The komodo dragon is severely wounded.
You hit the yak. You hit the bullfrog. You block the bullfrog's attack.
You block the komodo dragon's attack. The yak gores you but does no damage.
Cleave: a) +0 war axe
Press: ? - help, Dir - move target, f/p - komodo dragon
Aim: a komodo dragon (severely wounded, poisoned, slow, haloed, about 11% to evade your +0 war axe)
You hit the komodo dragon.
The komodo dragon is severely wounded.
You hit the bullfrog but do no damage. You slash the yak!
The bullfrog hits you but does no damage.
Cleave: a) +0 war axe
Press: ? - help, Dir - move target, f/p - komodo dragon
Aim: a komodo dragon (severely wounded, poisoned, slow, haloed, about 11% to evade your +0 war axe)
You hit the komodo dragon.
The komodo dragon is almost dead.
You slash the yak! You hit the bullfrog. You block the yak's attack.
The bullfrog barely misses you.
The komodo dragon bites you but does no damage.
Cleave: a) +0 war axe
Press: ? - help, Dir - move target, f/p - komodo dragon
Aim: a komodo dragon (almost dead, poisoned, slow, haloed, about 11% to evade your +0 war axe)
You slash the komodo dragon!
You kill the komodo dragon!
You slash the bullfrog! You hit the yak. You block the bullfrog's attack.
You have reached level 12!
You feel stronger.
Cleave: a) +0 war axe
Press: ? - help, Dir - move target, f - yak
Aim: a yak (almost dead, haloed, about 8% to evade your +0 war axe)
You hit the yak.
You kill the yak!
You hit the bullfrog.
Cleave: a) +0 war axe
Press: ? - help, Dir - move target, f - bullfrog
Aim: a bullfrog (almost dead, haloed, about 22% to evade your +0 war axe)
You slice the bullfrog!!
You kill the bullfrog!
A cane toad comes into view.
The cane toad croaks.
Found a helmet.
Throw: 3 boomerangs
Press: ? - help, Shift-Dir - straight line, f - cane toad
Aim: a cane toad (haloed, 84% to hit)
You throw a boomerang. The boomerang hits the cane toad.
The cane toad is lightly wounded.
Throw: 3 boomerangs
Press: ? - help, Shift-Dir - straight line, f/p - cane toad
Aim: a cane toad (lightly wounded, haloed, 84% to hit)
You throw a boomerang. The boomerang hits the cane toad.
The cane toad is moderately wounded.
Your +2 mace of protection hums with potential!
b - a +2 mace of protection (weapon)
Throw: 3 boomerangs
Press: ? - help, Shift-Dir - straight line, f/p - cane toad
Aim: a cane toad (moderately wounded, haloed, 84% to hit)
You throw a boomerang.
The boomerang hits the cane toad but does no damage.
The cane toad is moderately wounded.
Hit: b) +2 mace (protect)
Press: ? - help, Dir - move target, f/p - cane toad
Aim: a cane toad (moderately wounded, haloed, about 13% to evade your +2 mace of protection)
You hit the cane toad but do no damage.
Your weapon exudes an aura of protection.
The cane toad is moderately wounded.
The cane toad barely misses you.
Hit: b) +2 mace (protect)
Press: ? - help, Dir - move target, f/p - cane toad
Aim: a cane toad (moderately wounded, haloed, about 13% to evade your +2 mace of protection)
You hit the cane toad.
The cane toad is moderately wounded.
You block the cane toad's attack.
Hit: b) +2 mace (protect)
Press: ? - help, Dir - move target, f/p - cane toad
Aim: a cane toad (moderately wounded, haloed, about 13% to evade your +2 mace of protection)
You hit the cane toad.
The cane toad is moderately wounded.
You block the cane toad's attack.
Hit: b) +2 mace (protect)
Press: ? - help, Dir - move target, f/p - cane toad
Aim: a cane toad (moderately wounded, haloed, about 13% to evade your +2 mace of protection)
You hit the cane toad.
The cane toad is moderately wounded.
Hit: b) +2 mace (protect)
Press: ? - help, Dir - move target, f/p - cane toad
Aim: a cane toad (moderately wounded, haloed, about 13% to evade your +2 mace of protection)
You barely miss the cane toad.
The cane toad is moderately wounded.
You block the cane toad's attack.
Hit: b) +2 mace (protect)
Press: ? - help, Dir - move target, f/p - cane toad
Aim: a cane toad (moderately wounded, haloed, about 13% to evade your +2 mace of protection)
You sock the cane toad!
The cane toad is severely wounded.
You block the cane toad's attack.
Hit: b) +2 mace (protect)
Press: ? - help, Dir - move target, f/p - cane toad
Aim: a cane toad (severely wounded, haloed, about 13% to evade your +2 mace of protection)
You barely miss the cane toad.
The cane toad is severely wounded.
The cane toad stings you but does no damage.
Hit: b) +2 mace (protect)
Press: ? - help, Dir - move target, f/p - cane toad
Aim: a cane toad (severely wounded, haloed, about 13% to evade your +2 mace of protection)
You hit the cane toad but do no damage.
The cane toad is severely wounded.
You block the cane toad's attack.
Hit: b) +2 mace (protect)
Press: ? - help, Dir - move target, f/p - cane toad
Aim: a cane toad (severely wounded, haloed, about 13% to evade your +2 mace of protection)
You barely miss the cane toad.
The cane toad is severely wounded.
Hit: b) +2 mace (protect)
Press: ? - help, Dir - move target, f/p - cane toad
Aim: a cane toad (severely wounded, haloed, about 13% to evade your +2 mace of protection)
You hit the cane toad but do no damage.
The cane toad is severely wounded.
The cane toad stings you but does no damage.
Hit: b) +2 mace (protect)
Press: ? - help, Dir - move target, f/p - cane toad
Aim: a cane toad (severely wounded, haloed, about 13% to evade your +2 mace of protection)
You hit the cane toad.
The cane toad is severely wounded.
You block the cane toad's attack.
Hit: b) +2 mace (protect)
Press: ? - help, Dir - move target, f/p - cane toad
Aim: a cane toad (severely wounded, haloed, about 13% to evade your +2 mace of protection)
You hit the cane toad but do no damage.
The cane toad is severely wounded.
You block the cane toad's attack.
Hit: b) +2 mace (protect)
Press: ? - help, Dir - move target, f/p - cane toad
Aim: a cane toad (severely wounded, haloed, about 13% to evade your +2 mace of protection)
You hit the cane toad.
The cane toad is severely wounded.
You block the cane toad's attack.
Hit: b) +2 mace (protect)
Press: ? - help, Dir - move target, f/p - cane toad
Aim: a cane toad (severely wounded, haloed, about 13% to evade your +2 mace of protection)
You hit the cane toad.
The cane toad is severely wounded.
Your extra speed is starting to run out.
Hit: b) +2 mace (protect)
Press: ? - help, Dir - move target, f/p - cane toad
Aim: a cane toad (severely wounded, haloed, about 13% to evade your +2 mace of protection)
You hit the cane toad but do no damage.
The cane toad is severely wounded.
The cane toad barely misses you.
Hit: b) +2 mace (protect)
Press: ? - help, Dir - move target, f/p - cane toad
Aim: a cane toad (severely wounded, haloed, about 13% to evade your +2 mace of protection)
You hit the cane toad but do no damage.
The cane toad is severely wounded.
You block the cane toad's attack.
Hit: b) +2 mace (protect)
Press: ? - help, Dir - move target, f/p - cane toad
Aim: a cane toad (severely wounded, haloed, about 13% to evade your +2 mace of protection)
You barely miss the cane toad.
The cane toad is severely wounded.
The cane toad stings you but does no damage.
Hit: b) +2 mace (protect)
Press: ? - help, Dir - move target, f/p - cane toad
Aim: a cane toad (severely wounded, haloed, about 13% to evade your +2 mace of protection)
You hit the cane toad but do no damage.
The cane toad is severely wounded.
The cane toad stings you but does no damage.
Hit: b) +2 mace (protect)
Press: ? - help, Dir - move target, f/p - cane toad
Aim: a cane toad (severely wounded, haloed, about 13% to evade your +2 mace of protection)
You hit the cane toad.
The cane toad is almost dead.
Hit: b) +2 mace (protect)
Press: ? - help, Dir - move target, f/p - cane toad
Aim: a cane toad (almost dead, haloed, about 13% to evade your +2 mace of protection)
You sock the cane toad!
You kill the cane toad!
Found a scroll of identify.
You feel yourself slow down.
You see here a +0 helmet.
Your divine shield fades away.
You start putting on your armour.
You continue putting on your +0 helmet. x4
You finish putting on your +0 helmet.
J - a scroll of identify
As you read the scroll of identify, it crumbles to dust.
u - 2 scrolls of fog
Found 19 gold pieces.
Unknown command.
Unknown command.
Unknown command.
Unknown command.
Unknown command.
A water moccasin comes into view.
The water moccasin hisses angrily.
Throw: 3 boomerangs
Press: ? - help, Shift-Dir - straight line, f - water moccasin
Aim: a water moccasin (haloed, 65% to hit)
You throw a boomerang.
The boomerang barely misses the water moccasin.
Hit: b) +2 mace (protect)
Press: ? - help, Dir - move target, f/p - water moccasin
Aim: a water moccasin (haloed, about 28% to evade your +2 mace of protection)
You sock the water moccasin!
Your weapon exudes an aura of protection.
The water moccasin is moderately wounded.
The water moccasin bites you but does no damage.
Hit: b) +2 mace (protect)
Press: ? - help, Dir - move target, f/p - water moccasin
Aim: a water moccasin (moderately wounded, haloed, about 28% to evade your +2 mace of protection)
You barely miss the water moccasin.
The water moccasin is moderately wounded.
The water moccasin bites you but does no damage.
The water moccasin barely misses you.
Hit: b) +2 mace (protect)
Press: ? - help, Dir - move target, f/p - water moccasin
Aim: a water moccasin (moderately wounded, haloed, about 28% to evade your +2 mace of protection)
You sock the water moccasin!
The water moccasin is severely wounded.
The water moccasin bites you but does no damage.
Hit: b) +2 mace (protect)
Press: ? - help, Dir - move target, f/p - water moccasin
Aim: a water moccasin (severely wounded, haloed, about 28% to evade your +2 mace of protection)
You sock the water moccasin!
You kill the water moccasin!
You now have 603 gold pieces (gained 19).
Found a wand of roots (4).
The cane toad gives a loud, deep croak!
You hear a bellow! x2
A yak comes into view.
The yak bellows!
The yak moves out of view.
Throw: 57 stones
Press: ? - help, Q - select action, (/) - cycle Shift-Dir - straight line, f - cane toad
Aim: a cane toad (haloed, 84% to hit)
You throw a stone.
The stone hits the cane toad but does no damage.
A yak comes into view.
The cane toad attacks as it pursues you!
The cane toad stings you!
* * * LOW HITPOINT WARNING * * *
Hit: b) +2 mace (protect)
Press: ? - help, Dir - move target, f/p - cane toad
Aim: a cane toad (haloed, about 13% to evade your +2 mace of protection)
You sock the cane toad!
Your weapon exudes an aura of protection.
The cane toad is lightly wounded.
The cane toad stings you!
* * * LOW HITPOINT WARNING * * *
Hit: b) +2 mace (protect)
Press: ? - help, Dir - move target, f/p - cane toad
Aim: a cane toad (lightly wounded, haloed, about 13% to evade your +2 mace of protection)
You hit the cane toad.
The cane toad is lightly wounded.
You block the cane toad's attack.
Hit: b) +2 mace (protect)
Press: ? - help, Dir - move target, f/p - cane toad
Aim: a cane toad (lightly wounded, haloed, about 13% to evade your +2 mace of protection)
You hit the cane toad.
The cane toad is moderately wounded.
The cane toad stings you but does no damage. x2
Hit: b) +2 mace (protect)
Press: ? - help, Dir - move target, f/p - cane toad
Aim: a cane toad (moderately wounded, haloed, about 13% to evade your +2 mace of protection)
You hit the cane toad.
The cane toad is heavily wounded.
The cane toad stings you but does no damage.
Hit: b) +2 mace (protect)
Press: ? - help, Dir - move target, f/p - cane toad
Aim: a cane toad (heavily wounded, haloed, about 13% to evade your +2 mace of protection)
You completely miss the cane toad.
The cane toad is heavily wounded.
The cane toad closely misses you.
Hit: b) +2 mace (protect)
Press: ? - help, Dir - move target, f/p - cane toad
Aim: a cane toad (moderately wounded, haloed, about 13% to evade your +2 mace of protection)
You sock the cane toad!
The cane toad is heavily wounded.
The cane toad stings you!
You die...

##............
#.............
#.............
##............
##.....P####.. #.....###
# ##....Y## ##....YF####
#### ###
#P....##@P.###P.###P#####
#........................
#........................
##.......................
#.......................
##....####.#####P.#.#.#.
##..## ### ###.##### ####
###


You could see 2 yaks and a cane toad.

Vanquished Creatures
  A two-headed ogre (D:10)
  A centaur warrior (D:10)
  A black mamba (Lair:1)
  An unseen horror (D:9)
  4 cane toads
  A komodo dragon (Lair:4)
  A kobold demonologist (D:10)
  A polar bear (Lair:1)
  3 blink frogs (Lair:4)
  A shadow (D:10)
  3 wyverns
  23 yaks
  A steam dragon (Lair:1)
  2 humans (D:7)
  2 vampire mosquitoes (D:10)
  3 water moccasins
  An orc warrior (D:11)
  A black bear (D:5)
  An ogre (D:5)
  A sky beast (D:8)
  3 wolves (Lair:1)
  2 centaurs (D:8)
  A slime creature simulacrum (IceCv)
  A phantom (D:5)
  5 kobold brigands
  11 bullfrogs
  2 gnoll sergeants
  10 scorpions
  4 wights (D:10)
  5 killer bees (D:9)
  3 howler monkeys
  2 electric eels (D:6)
  4 centaur zombies (Ossuary)
  8 hounds
  2 human zombies (Ossuary)
  3 orc priests
  2 gnoll boudas
  2 sleepcaps
  4 orc wizards
  Natasha (thrice) (D:3)
  4 scorpion zombies (Ossuary)
  A wolf simulacrum (Lair:1)
  2 shapeshifter simulacra (IceCv)
  A killer bee zombie (D:8)
  3 mummies (Ossuary)
  18 gnolls
  3 adders
  2 shadow imps
  A white imp (D:7)
  3 adder zombies (Ossuary)
  2 ribbon worms
  21 orcs
  5 ball pythons
  3 bats
  4 endoplasms
  3 giant cockroaches
  A gnoll zombie (Ossuary)
  5 hobgoblins
  2 quokkas (D:4)
  3 ball python zombies (Ossuary)
  A frilled lizard (D:2)
  3 goblins (D:2)
  2 jackal zombies (Ossuary)
  18 kobolds
  2 orc zombies (Ossuary)
  A quokka zombie (D:6)
  4 rats
  A rat zombie (D:6)
249 creatures vanquished.

Notes
Turn   | Place    | Note
-------+----------+-------------------------------------------
     0 | D:1      | jagoly the Gargoyle Monk began the quest for the Orb.
     0 | D:1      | Reached XP level 1. HP: 14/14 MP: 1/1
    72 | D:2      | Reached XP level 2. HP: 19/19 MP: 2/2
   173 | D:1      | Reached skill level 3 in Axes
   239 | D:3      | Noticed Natasha
   251 | D:3      | Killed Natasha
   252 | D:3      | Reached skill level 1 in Armour
   252 | D:3      | Reached skill level 1 in Stealth
   252 | D:3      | Reached XP level 3. HP: 13/23 MP: 3/3
   349 | D:4      | Found a sparkling altar of Nemelex Xobeh.
   464 | D:3      | Reached XP level 4. HP: 29/29 MP: 4/4
   521 | D:3      | Noticed Natasha
   527 | D:3      | Killed Natasha
   533 | D:3      | Noticed Natasha
   542 | D:3      | Killed Natasha
   543 | D:3      | Reached XP level 5. HP: 33/33 MP: 5/5
   558 | D:2      | You fall into a shaft and drop 2 floors!
   558 | D:4      | Found a shadowy altar of Dithmenos.
   772 | D:4      | Reached skill level 4 in Axes
   838 | D:5      | Entered Level 5 of the Dungeon
   922 | D:6      | Reached XP level 6. HP: 30/39 MP: 6/6
   940 | D:5      | Found Utri's Antique Armour Emporium.
   996 | D:6      | Found a sand-covered staircase.
  1017 | Ossuary  | Entered an ossuary
  1097 | Ossuary  | Reached skill level 5 in Axes
  1119 | Ossuary  | Reached skill level 5 in Fighting
  1119 | Ossuary  | Reached XP level 7. HP: 32/44 MP: 7/7
  1331 | Ossuary  | Reached skill level 6 in Axes
  1351 | Ossuary  | Reached XP level 8. HP: 31/51 MP: 8/8
  1681 | D:6      | Reached skill level 5 in Armour
  1936 | D:5      | Reached skill level 7 in Axes
  1941 | D:5      | Found a staircase to the Ecumenical Temple.
  1949 | D:5      | Found an ancient bone altar of Kikubaaqudgha.
  1976 | Temple   | Entered the Ecumenical Temple
  2060 | D:5      | Found a broken altar of Ashenzari.
  2094 | D:5      | Identified the +5 sling of Action {antimagic, rElec Dex+2}
  2103 | D:5      | Reached XP level 9. HP: 56/56 MP: 9/9
  2302 | D:4      | Found a glowing golden altar of the Shining One.
  2310 | D:4      | Became a worshipper of the Shining One
  2310 | D:4      | Reached * piety under the Shining One
  2310 | D:4      | Reached ** piety under the Shining One
  2452 | D:6      | Found a transporter.
  2457 | D:6      | Found a transporter.
  2457 | D:6      | Noticed Zagger's ghost (novice TeFi)
  2520 | D:6      | Reached skill level 8 in Axes
  2794 | D:7      | Found an iron altar of Okawaru.
  3263 | D:8      | Noticed a two-headed ogre
  3333 | D:8      | Reached skill level 9 in Axes
  3341 | D:8      | Reached XP level 10. HP: 48/64 MP: 10/10
  3404 | D:10     | Entered Level 10 of the Dungeon
  3404 | D:10     | Found a staircase to the Orcish Mines.
  3405 | D:10     | Noticed an unseen horror
  3433 | D:9      | Killed an unseen horror
  3683 | D:9      | Reached *** piety under the Shining One
  3937 | D:9      | Noticed Harold
  3966 | D:9      | Reached skill level 10 in Axes
  4065 | D:10     | Found an opulent altar of Gozag.
  4134 | D:10     | Found a staircase to the Lair.
  4142 | D:10     | Found a bloodstained altar of Trog.
  4146 | D:10     | Found a shimmering blue altar of Sif Muna.
  4375 | D:10     | Noticed a two-headed ogre
  4425 | D:10     | Killed a two-headed ogre
  4426 | D:10     | Reached skill level 11 in Axes
  4426 | D:10     | Reached XP level 11. HP: 45/72 MP: 11/11
  4516 | D:10     | Found a radiant altar of Vehumet.
  4596 | D:10     | Noticed a centaur warrior
  4609 | D:10     | Killed a centaur warrior
  4697 | D:10     | Noticed a sun demon
  4702 | D:10     | Noticed a sun demon
  4704 | D:10     | Reached skill level 10 in Fighting
  5127 | D:11     | Reached **** piety under the Shining One
  5314 | Lair:1   | Entered Level 1 of the Lair of Beasts
  5488 | Lair:1   | Reached skill level 5 in Shields
  5530 | Lair:1   | Reached skill level 1 in Invocations
  5569 | Lair:1   | Found a frozen archway.
  5586 | IceCv    | Entered an ice cave
  5821 | Lair:3   | Noticed Prince Ribbit
  5844 | Lair:3   | Reached skill level 1 in Throwing
  5844 | Lair:3   | Reached skill level 1 in Evocations
  5893 | Lair:3   | Noticed an eight-headed hydra
  5941 | Lair:4   | Noticed a boulder beetle
  5941 | Lair:4   | Noticed a seven-headed hydra
  5951 | Lair:4   | HP: 3/72 [blink frog (8)]
  5963 | Lair:4   | HP: 3/72 [blink frog (3)]
  5976 | Lair:4   | Reached skill level 12 in Axes
  6037 | Lair:4   | HP: 2/72 [komodo dragon (16)]
  6046 | Lair:4   | Reached XP level 12. HP: 4/78 MP: 9/13
  6138 | Lair:4   | Slain by a cane toad

Illustrated notes

Levels and vault maps discovered:
D:1:      saegor_arrival_simple_a, layout_basic,
          dilly_ecumenical_altar_fadedgnrine, roderic_cross_of_infinity
D:2:      layout_rooms
D:3:      layout_rooms, chequers_temple_overflow_statue_of_worship, uniq_natasha
D:4:      layout_basic, nicolae_dithmenos_through_a_glass_darkly, tso_altar,
          nemelex_dance_club_becter, minmay_bisected
D:5:      layout_basic, lemuel_tele_altar, tgw_kikubaaqudgha,
          minmay_temple_entry_wispy, serial_shops, nicolae_shop_hallway_stairs,
          hex_medium, nicolae_letterblocks [nicolae_letter_subblock,
          nicolae_letter_subblock, nicolae_letter_subblock,
          nicolae_letter_subblock, nicolae_letter_subblock,
          nicolae_letter_subblock, nicolae_letter_subblock,
          nicolae_letter_subblock, nicolae_letter_subblock,
          nicolae_letter_subblock, nicolae_letter_subblock,
          nicolae_letter_subblock, nicolae_letter_subblock,
          nicolae_letter_subblock, nicolae_letter_subblock,
          nicolae_letter_subblock, nicolae_letter_subblock,
          nicolae_letter_subblock, nicolae_letter_subblock,
          nicolae_letter_subblock, nicolae_letter_subblock,
          nicolae_letter_subblock, nicolae_letter_subblock,
          nicolae_letter_subblock, nicolae_letter_subblock], uniq_sigmund
D:6:      layout_loops_ring, enter_ossuary_4, portal_sewer_entry_b,
          gammafunk_ghost_hive, water_maze_lemuel
D:7:      layout_gridville, okawaru_humans, dreamdust_wishing_well,
          minmay_misc_feat_iff, minivault_26
D:8:      minmay_imperfect_grid, layout_loops_corners, serial_undead,
          serial_undead_c, serial_undead_b, serial_undead_e, serial_undead_c,
          minivault_1, uniq_maurice, uniq_jeremiah
D:9:      layout_basic, uniq_harold
D:10:     layout_rooms, hellmonk_overflow_destroyed_library,
          mainiacjoe_overflow_six_doors_small,
          mainiacjoe_overflow_concentric_impassable, orc_0_dummy,
          interstate_on_off, corexii_hall_statues_s, bh_walls_and_bars
D:11:     layout_basic
Temple:   nicolae_temple_godpark
Lair:1:   layout_regular_city, portal_ice_cave_entry_ice_simulacra
Lair:2:   layout_cave_pods
Lair:3:   layout_hall_layers, elwin_shoals_entry_rooms,
          guppyfry_snake_entry_island, uniq_prince_ribbit2
Lair:4:   layout_long_grid, serial_rivers, chequers_serial_rivers_micro_d,
          chequers_serial_rivers_small_a, chequers_serial_rivers_large_b,
          chequers_serial_rivers_small_a

Skill      XL: |  1  2  3  4  5  6  7  8  9 10 11 |
---------------+----------------------------------+-----
Axes           | 3 4 5 6 7 9 11 12 | 12.2
Armour         | 1 2 3 4 5 6 8 |  8.0
Stealth        | 1 |  1.0
Fighting       | 4 5 6 8 9 10 | 10.5
Dodging        | 3 4 |  4.0
Shields        | 6 |  6.0
Invocations    | 2 |  2.0
Throwing       | 2 |  2.0
Evocations     | 2 |  2.0

Action                     |  1- 3 |  4- 6 |  7- 9 | 10-12 || total
---------------------------+-------+-------+-------+-------++-------
  Melee: Hand axe          |    73 |   145 |   250 |       ||   468
         Unarmed           |       |    11 |       |       ||    11
         Mace              |       |       |   255 |   529 ||   784
         War axe           |       |       |    11 |    75 ||    86
   Fire: Sling             |       |       |       |    11 ||    11
  Throw: Stone             |       |     1 |     8 |    10 ||    19
         Dart              |       |       |    17 |    43 ||    60
         Javelin           |       |       |     2 |     1 ||     3
         Throwing net      |       |       |       |     1 ||     1
         Boomerang         |       |       |       |     4 ||     4
 Invoke: Divine Shield     |       |       |       |     3 ||     3
  Evoke: Wand              |       |       |       |    16 ||    16
    Use: Scroll            |       |       |     8 |     9 ||    17
         Potion            |       |       |     1 |     7 ||     8
   Stab: Sleeping          |     1 |       |       |       ||     1
         Confused          |       |     2 |       |       ||     2
 Armour: Robe              |    41 |   105 |   178 |       ||   324
         Skin              |       |     2 |       |       ||     2
         Ring mail         |       |       |    65 |       ||    65
         Chain mail        |       |       |   137 |   374 ||   511
         Leather armour    |       |       |       |   108 ||   108
  Dodge: Dodged            |    41 |   102 |   313 |   324 ||   780
  Block: Buckler           |       |       |       |   104 ||   104
